 Dungeon Sprint DCSS version 0.31-a0-40-g1d5085d191 (webtiles) character file.

Game seed: 9182450929461160760

2891 fozzywoppz the Unseen (level 9, -8/50 HPs)
             Began as a Spriggan Enchanter on May 17, 2023.
             Was an Elder of Sif Muna.
             Killed from afar by an orc sorcerer (46 damage)
             ... with a bolt of fire
             ... in the Dungeon (Sprint III: "The Ten Rune Challenge").
             The game lasted 00:03:59 (438 turns).

fozzywoppz the Unseen (Spriggan Enchanter)           Turns: 438, Time: 00:04:00

Health: -8/50      AC:  4    Str:  6    XL:     9   Next: 48%
Magic:  17/17      EV: 27    Int: 16    God:    Sif Muna [****..]
Gold:   62         SH:  0    Dex: 16    Spells: 13/18 levels left

rFire   . . .        a - +1 dagger
rCold   . . .        (no shield)
rNeg    + . .        j - +2 robe {rN+}
rPois   .            (helmet restricted)
rElec   .            (no cloak)
rCorr   .            (gloves unavailable)
SInv    +            (boots unavailable)
Will    +....        (no amulet)
Stlth   ++++++       (no ring)
HPRegen 0.28/turn    (no ring)
MPRegen 0.15/turn

%: no teleportation
@: very quick
A: very small, no large weapons, unfitting armour, see invisible, speed 3,
clumsy 1, deterioration 1
a: Renounce Religion, Channel Magic, Forget Spell, Divine Exegesis


You were in the Dungeon.
You worshipped Sif Muna.
Sif Muna was greatly pleased with you.
You visited 1 branch You collected 62 gold pieces.

Inventory:

Hand Weapons
 a - a +1 dagger (weapon)
Armour
 j - a +2 robe of positive energy (worn)
Wands
 p - a wand of flame (13)
Scrolls
 b - a scroll of poison {unknown}
 i - a scroll of blinking
 k - a scroll of identify {unknown}
Potions
 c - 2 potions of invisibility
 d - 2 potions of curing
 e - 2 potions of heal wounds
 f - a potion of haste
 g - 2 potions of magic
 h - 3 potions of berserk rage
 l - a potion of resistance {unknown}
 m - a potion of might
 o - a potion of flight {unknown}


   Skills:
 + Level 7.6 Fighting
 - Level 10.0 Short Blades
 - Level 15.0 Dodging
 - Level 15.0 Stealth
 - Level 5.0 Spellcasting
 - Level 6.0 Hexes
 + Level 9.1 Invocations


You had 13 spell levels left.
You knew the following spells:

 Your Spells              Type           Power      Damage    Failure   Level
a - Ensorcelled Hibernat  Hex/Ice        26%        N/A       7%          2
b - Confusing Touch       Hex            23%        N/A       3%          3

Your spell library contained the following spells:

 Spells                   Type           Power      Damage    Failure   Level
 Tukima's Dance           Hex            23%        N/A       3%          3
 Dazzling Flash           Conj/Hex       26%        N/A       13%         3
 Ozocubu's Armour         Ice            4%         N/A       41%         3
 Metabolic Englaciation   Hex/Ice        6%         N/A       77%         5
 Simulacrum               Ice/Necr       2%         N/A       100%        6


Dungeon Overview and Level Annotations

Branches:
Dungeon (1/1)

Altars:
Cheibriados
Dithmenos
Elyvilon
Fedhas
Gozag
Hepliaklqana
Kikubaaqudgha
Makhleb
Nemelex Xobeh
Okawaru
Qazlal
Ru
Sif Muna
Trog
Uskayaw
Vehumet
Wu Jian
Xom
Yredelemnul
Zin
The Shining One
Jiyva
Lugonu


Innate Abilities, Weirdness & Mutations

You are very small and have problems with some larger weapons.
You are too small for most types of armour.
You have supernaturally acute eyesight. (SInv)
You cover ground extremely quickly. (Speed+++)
You are clumsy. (Dex -2)
Your body sometimes deteriorates upon taking damage.


Message History

You kill the redback!
Sif Muna accepts your kill.
Your Invocations skill increases to level 9!
The helpless redback fails to defend itself.
You perforate the redback like a sieve!!!!
You kill the redback!
Sif Muna accepts your kill.
Training target 10.0 for Short Blades reached!
Your Short Blades skill increases to level 10!
Unknown command.
There is an open door here.
Things that are here:
a +0 giant club; a +0 giant club
Things that are here:
a +0 giant spiked club; a +0 giant spiked club; a two-headed ogre corpse You open the door.
An orc sorcerer, 2 orc priests, 2 orc wizards and 4 orcs come into view.
Found 641 gold pieces.
Unknown command. 2 orc warriors and 7 orcs come into view.
Found 1027 gold pieces.
The orc wizard shouts!
The orc warrior shouts!
The orc sorcerer shouts!
The orc shouts!
The orc warrior shouts!
The orc shouts!
The orc wizard shouts!
The orc priest shouts!
The orc shouts! x2
The orc moves out of view.
The orc shouts! x2; You hear a shout!
There is an open door to the Orcish Mines here.
Okay, then.
Really read the scroll of immolation?
Okay, then.
Really read the scroll of immolation?
As you read the scroll of immolation, it crumbles to dust.
The creatures around you are filled with an inner flame!
The orc priest shouts!
The orc priest invokes the aid of Beogh against you.
Beogh smites you!
The orc sorcerer points at you and mumbles some strange words.
The bolt of fire hits the orc!!
The bolt of fire hits you!!!
Ouch! That really hurt!
You die...

▓▓▓ ##.#############$ $$
##..#___#___#__#$####$##
.#..#...#__)#†_#..o..o..
.#..###'#'###'##.$ooooo.
'#..#....).....#$oooo.oo
#...'.⌠........#.$$oo#
#...#...######'#o)$#
....#.⌠.#__#...#@################
....#...#__#...#....#)#)#)....#..
....#'###__#...##.#.)#.##.###.#..
.†..#.))#__#...'##.#.#.##.#).##..
....#___#__'...#...#..#..##.)'...
▓▓▓▓▓▓▓▓▓▓▓▓▓▓▓▓▓▓▓▓▓▓▓▓▓▓▓▓▓#.^^
#... +... #...


You could see an orc sorcerer (inner flame), 2 orc warriors, 2 orc priests, 2
orc wizards and 9 orcs.

Vanquished Creatures
  Erolcha (D)
  A deep elf pyromancer (D)
  A shadow (D)
  2 redbacks (D)
  A spatial vortex (D)
  5 two-headed ogres (D)
  A necrophage (D)
  A scorpion (D)
  A water elemental (D)
  A jelly (D)
  A wizard (D)
  Jessica (D)
  A necromancer (D)
  A kobold demonologist (D)
  3 humans (D)
  2 endoplasms (D)
  A rat (D)
25 creatures vanquished.

Vanquished Creatures (others)
  An orc (D)
1 creature vanquished.

Grand Total: 26 creatures vanquished

Notes
Turn   | Place    | Note
-------+----------+-------------------------------------------
     0 | D        | fozzywoppz the Spriggan Enchanter began the quest for the
                  | Orb.
     0 | D        | Reached XP level 1. HP: 9/9 MP: 5/5
    33 | D        | Noticed Jessica
    35 | D        | Reached skill level 5 in Stealth
    40 | D        | Killed Jessica
    41 | D        | Reached skill level 5 in Hexes
    41 | D        | Reached XP level 2. HP: 13/13 MP: 6/8
    41 | D        | Reached XP level 3. HP: 16/16 MP: 6/9
    91 | D        | Learned a level 2 spell: Ensorcelled Hibernation
    95 | D        | Learned a level 3 spell: Confusing Touch
   119 | D        | Reached skill level 5 in Dodging
   154 | D        | Noticed a scorpion
   157 | D        | Killed a scorpion
   158 | D        | Reached skill level 5 in Spellcasting
   158 | D        | Reached XP level 4. HP: 21/21 MP: 10/12
   175 | D        | Gained mutation: You have a pair of small horns on your
                  | head. [potion of mutation]
   176 | D        | Lost mutation: You have a pair of small horns on your head.
                  | [potion of mutation]
   176 | D        | Gained mutation: You have sharp toenails. [potion of
                  | mutation]
   176 | D        | Gained mutation: Potions are less effective at restoring
                  | your health. [potion of mutation]
   177 | D        | Lost mutation: Potions are less effective at restoring your
                  | health. [potion of mutation]
   177 | D        | Lost mutation: You have sharp toenails. [potion of
                  | mutation]
   177 | D        | Gained mutation: Your body sometimes deteriorates upon
                  | taking damage. [potion of mutation]
   177 | D        | Gained mutation: Your spells are a little easier to cast,
                  | but a little less powerful. [potion of mutation]
   177 | D        | Gained mutation: You have hidden genetic defects. [potion
                  | of mutation]
   178 | D        | Lost mutation: Your spells are a little easier to cast, but
                  | a little less powerful. [potion of mutation]
   178 | D        | Lost mutation: You have hidden genetic defects. [potion of
                  | mutation]
   178 | D        | Gained mutation: You are clumsy. (Dex -2) [potion of
                  | mutation]
   184 | D        | Noticed a water elemental
   187 | D        | Killed a water elemental
   188 | D        | Reached skill level 10 in Stealth
   188 | D        | Reached XP level 5. HP: 24/24 MP: 13/13
   190 | D        | Found a radiant altar of Vehumet.
   190 | D        | Found a shimmering blue altar of Sif Muna.
   190 | D        | Found an ancient bone altar of Kikubaaqudgha.
   195 | D        | Reached skill level 10 in Dodging
   196 | D        | Became a worshipper of Sif Muna the Loreminder
   209 | D        | Found a glowing silver altar of Zin.
   209 | D        | Found a glowing golden altar of the Shining One.
   209 | D        | Found a white marble altar of Elyvilon.
   210 | D        | Noticed a deep elf pyromancer
   228 | D        | Killed a deep elf pyromancer
   229 | D        | Reached skill level 15 in Dodging
   229 | D        | Reached skill level 15 in Stealth
   229 | D        | Reached XP level 6. HP: 16/28 MP: 9/14
   229 | D        | Reached XP level 7. HP: 18/32 MP: 9/15
   286 | D        | Found a hide-covered altar of Uskayaw.
   286 | D        | Found an iron altar of Okawaru.
   286 | D        | Found a bloodstained altar of Trog.
   286 | D        | Found an ornate altar of the Wu Jian Council.
   286 | D        | Noticed a human
   287 | D        | Noticed a human
   289 | D        | Killed a human
   290 | D        | Killed a human
   290 | D        | Reached * piety under Sif Muna
   300 | D        | Found a basalt altar of Yredelemnul.
   300 | D        | Found a shadowy altar of Dithmenos.
   300 | D        | Found a sacrificial altar of Ru.
   311 | D        | Noticed a shadow
   313 | D        | Killed a shadow
   313 | D        | Reached ** piety under Sif Muna
   314 | D        | Reached skill level 5 in Short Blades
   314 | D        | Reached XP level 8. HP: 42/42 MP: 16/16
   333 | D        | Found a blossoming altar of Fedhas.
   333 | D        | Found a stormy altar of Qazlal.
   333 | D        | Found a snail-covered altar of Cheibriados.
   333 | D        | Found a burning altar of Makhleb.
   333 | D        | Found a shimmering altar of Xom.
   334 | D        | Found a hazy altar of Hepliaklqana.
   334 | D        | Found an opulent altar of Gozag.
   334 | D        | Found a sparkling altar of Nemelex Xobeh.
   334 | D        | Found a corrupted altar of Lugonu.
   334 | D        | Found a viscous altar of Jiyva.
   337 | D        | Reached skill level 5 in Invocations
   357 | D        | Reached *** piety under Sif Muna
   361 | D        | Reached skill level 5 in Fighting
   363 | D        | Noticed a two-headed ogre
   368 | D        | Killed a two-headed ogre
   372 | D        | Noticed a two-headed ogre
   372 | D        | Noticed Erolcha
   374 | D        | Killed Erolcha
   375 | D        | Reached XP level 9. HP: 49/49 MP: 13/17
   375 | D        | Killed a two-headed ogre
   375 | D        | Reached **** piety under Sif Muna
   413 | D        | Reached skill level 10 in Short Blades
   436 | D        | Noticed an orc sorcerer
   438 | D        | Killed from afar by an orc sorcerer

Illustrated notes

Levels and vault maps discovered:
D:        dungeon_sprint_mu [sprint_mu_entry_cave, sprint_mu_temple_rooms,
          sprint_mu_d1_spiders, sprint_mu_d2_genie, sprint_mu_d3_branching,
          sprint_mu_orc_legion, sprint_mu_elf_gauntlet, sprint_mu_hive_nellie,
          sprint_mu_lair_fedhas, sprint_mu_vaults_butterflies,
          sprint_mu_slime_circle, sprint_mu_shoals_archi,
          sprint_mu_snake_twists, sprint_mu_blade_basic,
          sprint_mu_crypt_fortress, sprint_mu_tomb_spiral,
          sprint_mu_vestibule_basic, sprint_mu_gehenna_hellfire,
          sprint_mu_dis_giant, sprint_mu_tartarus_statrot,
          sprint_mu_cocytus_islands, sprint_mu_zot1]

Skill      XL: |  1  2  3  4  5  6  7  8  9 |
---------------+----------------------------+-----
Dodging        | 4 7 9 15 | 15.0
Spellcasting   | 4 5 |  5.0
Hexes          | 5 6 |  6.0
Stealth        | 6 8 10 15 | 15.0
Fighting       | 3 6 7 |  7.6
Short Blades   | 5 9 10 | 10.0
Invocations    | 4 8 9 |  9.1

Action                     |  1- 3 |  4- 6 |  7- 9 || total
---------------------------+-------+-------+-------++-------
  Melee: Dagger            |    26 |    14 |    17 ||    57
         Punch             |     1 |       |       ||     1
   Cast: Ensorcelled Hiber |     3 |     1 |     4 ||     8
         Confusing Touch   |       |     1 |       ||     1
    Use: Potion            |       |     4 |       ||     4
         Scroll            |       |     1 |     1 ||     2
   Stab: Sleeping          |     6 |     3 |    15 ||    24
         Confused          |       |     1 |       ||     1
  Dodge: Dodged            |    18 |     4 |     4 ||    26

Table legend: (Time is in decaauts)
 A = Elapsed time spent in this place.
 B = Non-inter-level travel time spent in this place.
 C = Inter-level travel time spent in this place.
 D = Time resting spent in this place.
 E = Time spent auto-exploring this place.
 F = Levels seen in this place.
 G = Mean time per level.
                   A        B        C        D        E       F      G
               +--------+--------+--------+--------+--------+-----+--------+
         Total |    343 |    343 |      0 |    103 |      0 |   1 |  343.0 |
       Dungeon |    343 |    343 |      0 |    103 |      0 |   1 |  343.0 |
               +--------+--------+--------+--------+--------+-----+--------+

Top non-repeatable levels by time:
       D: 343 daAuts
